 Dungeon Crawl Stone Soup version 0.30-a0-830-gfe289a77b0 (webtiles) character file.

Game seed: 636232556290832298

518 PLAYERX the Protected (level 7, -1/51 HPs)
             Began as a Gnoll Wanderer on Feb 27, 2023.
             Splashed by a jelly's acid (7 damage)
             ... on level 5 of the Dungeon on Feb 28, 2023.
             The game lasted 00:14:46 (4139 turns).

PLAYERX the Protected (Gnoll Wanderer)              Turns: 4139, Time: 00:14:47

Health: -1/51      AC:  9    Str: 16    XL:     7   Next: 21%
Magic:  20/20      EV:  8    Int: 11    God:
Gold:   183        SH:  0    Dex:  9    Spells: 24/25 levels left

rFire   . . .      SeeInvis .    a - +1 dagger (venom)
rCold   . . .      Faith    +    (no shield)
rNeg    . . .      Spirit   .    d - +0 chain mail
rPois   .          Reflect  .    j - +0 helmet
rElec   .          Harm     .    (no cloak)
rCorr   .          Rampage  .    (no gloves)
Will    .....                    (no boots) Stlth
                                 c - amulet of faith
HPRegen 0.28/turn                (no ring)
MPRegen 0.17/turn                (no ring)

@: corroded
A: fangs 1, strong nose, distributed training
a: no special abilities


You were on level 5 of the Dungeon.
You visited 1 branch of the dungeon, and saw 5 of its levels.

You collected 183 gold pieces.

Inventory:

Hand Weapons
 a - a +1 dagger of venom (weapon)
Armour
 d - a +0 chain mail (worn)
 j - a +0 helmet (worn)
Jewellery
 c - an amulet of faith (around neck)
 u - a ring of protection from fire
Wands
 b - a wand of polymorph (5)
 m - a wand of flame (8)
Scrolls
 f - 4 scrolls of identify {unknown}
 i - a scroll of torment {unknown}
 k - a scroll of enchant weapon {unknown}
 o - 3 scrolls of enchant armour {unknown}
 p - 2 scrolls of magic mapping {unknown}
 s - a scroll of amnesia {unknown}
 t - a scroll of fog {unknown}
Potions
 e - 4 potions of might {unknown}
 g - 2 potions of curing
 h - 2 potions of brilliance {unknown}
 l - 2 potions of heal wounds {unknown}
 n - 2 potions of attraction {unknown}
 q - a potion of ambrosia {unknown}
 r - a potion of degeneration {unknown}


   Skills:
 + Level 2.4 Fighting
 + Level 2.4 Short Blades
 + Level 2.4 Long Blades
 + Level 2.4 Axes
 + Level 2.4 Maces & Flails
 + Level 2.4 Polearms
 + Level 2.4 Staves
 + Level 2.4 Ranged Weapons
 + Level 2.4 Throwing
 + Level 10.7 Armour
 + Level 2.4 Dodging
 + Level 2.4 Stealth
 + Level 2.4 Shields
 + Level 2.4 Unarmed Combat
 + Level 9.6 Spellcasting
 + Level 2.0 Conjurations
 + Level 2.0 Hexes
 + Level 2.0 Summonings
 + Level 2.0 Necromancy
 + Level 2.0 Translocations
 + Level 2.0 Transmutations
 + Level 2.0 Fire Magic
 + Level 2.0 Ice Magic
 + Level 2.0 Air Magic
 + Level 2.0 Earth Magic
 + Level 2.0 Poison Magic
 + Level 2.7 Invocations
 + Level 3.6 Evocations


You had 24 spell levels left.
You knew the following spells:

 Your Spells              Type           Power      Damage    Failure   Level
a - Apportation           Tloc           18%        N/A       52%         1

Your spell library contained the following spells:

 Spells                   Type           Power      Damage    Failure   Level
 Summon Small Mammal      Summ           36%        N/A       52%         1
 Ensorcelled Hibernation  Hex/Ice        18%        N/A       65%         2
 Call Canine Familiar     Summ           9%         N/A       87%         3
 Gell's Gravitas          Tloc           9%         N/A       87%         3
 Kindle Blastsparks       Fire/Tloc/Air  18%        2d11      87%         3
 Spider Form              Tmut/Pois      9%         N/A       87%         3
 Stone Arrow              Conj/Erth      18%        3d8       87%         3
 Summon Guardian Golem    Hex/Summ       9%         N/A       87%         3
 Anguish                  Hex/Necr       4%         N/A       99%         4
 Animate Armour           Summ/Erth      18%        N/A       99%         4
 Fulminant Prism          Conj/Hex       4%         3d5       99%         4
 Iskenderun's Mystic Bla  Conj/Tloc      9%         2d4       99%         4
 Lee's Rapid Deconstruct  Erth           4%         3d5*      100%        5
 Lehudib's Crystal Spear  Conj/Erth      4%         10d3      100%        8


Dungeon Overview and Level Annotations

Branches:
Dungeon (5/15)
 Temple: D:4-7

Altars:
Dithmenos
The Shining One


Innate Abilities, Weirdness & Mutations

You have very sharp teeth.
Your uncanny sense of smell can sniff out nearby items.
Your experience applies equally to all skills.


Message History

You hit the gnoll but do no damage.
The gnoll looks as sick as possible!
The gnoll is severely wounded.
The gnoll closely misses you.
You hit the gnoll.
You kill the gnoll!
An ice beast comes into view.
A jelly comes into view.
The jelly quivers.
Found a sedimented puce potion.
The jelly hits you but does no damage.
You hit the jelly.
Your hands burn!
You bite the jelly.
The jelly is lightly wounded.
You hit the jelly.
Your hands burn!
The jelly is moderately wounded.
The ice beast barely misses you. The jelly hits you but does no damage.
You hit the jelly.
Your hands burn!
You bite the jelly.
The jelly is heavily wounded.
The ice beast hits you but does no damage.
The jelly hits you.
You are splashed with acid!
You hit the jelly. The acid corrodes you!
Your hands burn!
The jelly is severely wounded.
The ice beast hits you but does no damage.
The jelly hits you.
You are splashed with acid!
You are too injured to fight recklessly!
You are too injured to fight recklessly!
You are too injured to fight recklessly!
You are too injured to fight recklessly!
You hit the jelly but do no damage.
Your hands burn!
The jelly is severely wounded.
The ice beast hits you but does no damage.
The jelly hits you but does no damage.
You hit the jelly but do no damage.
Your hands burn!
The jelly is severely wounded.
The ice beast hits you. The ice beast freezes you!
* * * LOW HITPOINT WARNING * * *
The jelly hits you but does no damage.
You closely miss the ice beast. The jelly hits you.
* * * LOW HITPOINT WARNING * * *
The acid corrodes you!
You are splashed with acid!
You die...

..#..# ..#..#### ##
###)....## . !# .
.........#.. .#.###.#
............ ...#.#.#
##........... #......#
##...###..b...###......##
##...###.#.......Y......#
##.............J@.~~.P♣♣
....<....########.~~P..P
##.####### #..PP♣♣.♣ ...#
#######.P.♣♣P.. .###
........♣.♣P.. .# ## #
.######.♣P.. .####...
#.♣.♣P.. ∆
......###########.P.♣♣P.P
..####.............PP♣♣.♣


You could see an ice beast and a jelly.

Vanquished Creatures
  Sigmund (D:2)
  A centaur (D:5)
  A necrophage (D:5)
  An orc priest (D:5)
  A hound (D:5)
  Robin (D:2)
  A gnoll (D:5)
  6 adders
  2 worms (D:3)
  2 dart slugs
  3 orcs
  4 endoplasms
  5 giant cockroaches
  15 goblins
  5 hobgoblins
  6 jackals
  3 quokkas
  8 ball pythons
  2 bats
  2 frilled lizards (D:1)
  6 rats
76 creatures vanquished.

Notes
Turn   | Place    | Note
-------+----------+-------------------------------------------
     0 | D:1      | Reached skill level 10 in Armour
     0 | D:1      | PLAYERX the Gnoll Wanderer began the quest for the Orb.
     0 | D:1      | PLAYERX set off with the following items: a +0 club, a wand
                  | of polymorph (6), a scroll of fear, a +0 chain mail; and
                  | the following spell memorised: Apportation; and the
                  | following spells available to memorise: Gell's Gravitas.
     0 | D:1      | Reached XP level 1. HP: 13/13 MP: 10/10
   117 | D:1      | Reached XP level 2. HP: 19/19 MP: 12/12
   418 | D:1      | Found a faded altar of an unknown god.
  1095 | D:2      | Reached XP level 3. HP: 13/25 MP: 13/13
  1272 | D:2      | Found a shadowy altar of Dithmenos.
  1308 | D:2      | Noticed Robin
  1316 | D:2      | Reached skill level 1 in Invocations
  1339 | D:2      | Killed Robin
  1340 | D:2      | Reached skill level 1 in Fighting
  1340 | D:2      | Reached skill level 1 in Short Blades
  1340 | D:2      | Reached skill level 1 in Long Blades
  1340 | D:2      | Reached skill level 1 in Axes
  1340 | D:2      | Reached skill level 1 in Maces & Flails
  1340 | D:2      | Reached skill level 1 in Polearms
  1340 | D:2      | Reached skill level 1 in Staves
  1340 | D:2      | Reached skill level 1 in Ranged Weapons
  1340 | D:2      | Reached skill level 1 in Throwing
  1340 | D:2      | Reached skill level 1 in Dodging
  1340 | D:2      | Reached skill level 1 in Stealth
  1340 | D:2      | Reached skill level 1 in Shields
  1340 | D:2      | Reached skill level 1 in Unarmed Combat
  1347 | D:2      | HP: 1/26 [goblin/+0 club[Robin] (3)]
  1356 | D:2      | Reached XP level 4. HP: 8/32 MP: 15/15
  2056 | D:2      | Noticed Sigmund
  2082 | D:2      | Killed Sigmund
  2083 | D:2      | Reached skill level 1 in Conjurations
  2083 | D:2      | Reached skill level 1 in Hexes
  2083 | D:2      | Reached skill level 1 in Summonings
  2083 | D:2      | Reached skill level 1 in Necromancy
  2083 | D:2      | Reached skill level 1 in Translocations
  2083 | D:2      | Reached skill level 1 in Transmutations
  2083 | D:2      | Reached skill level 1 in Fire Magic
  2083 | D:2      | Reached skill level 1 in Ice Magic
  2083 | D:2      | Reached skill level 1 in Air Magic
  2083 | D:2      | Reached skill level 1 in Earth Magic
  2083 | D:2      | Reached skill level 1 in Poison Magic
  2083 | D:2      | Reached XP level 5. HP: 20/38 MP: 17/17
  2083 | D:2      | Reached XP level 6. HP: 24/44 MP: 18/18
  3068 | D:3      | Upgraded the game from 0.30-a0-824-g6c64550be9 to
                  | 0.30-a0-830-gfe289a77b0
  3783 | D:5      | Entered Level 5 of the Dungeon
  3822 | D:5      | Found a glowing golden altar of the Shining One.
  3901 | D:5      | Reached XP level 7. HP: 14/51 MP: 20/20
  4139 | D:5      | Splashed by a jelly's acid

Illustrated notes

Levels and vault maps discovered:
D:1:      saegor_arrival_simple_c, layout_basic, basic_ecumenical_altar
D:2:      layout_basic, basic_altar, grunt_ministairs_5, uniq_robin,
          uniq_sigmund
D:3:      layout_basic, grunt_decor_fettered
D:4:      layout_loops_cross, palyth_stone_intersect
D:5:      layout_loops_ring, nicolae_elyvilon_peaceful_grove,
          minmay_overflow_temple_star_quad, mainiacjoe_overflow_24_doors,
          minmay_temple_entry_from_below_b, portal_sewer_entry_f

Skill      XL: |  1  2  3  4  5  6  7 |
---------------+----------------------+-----
Armour         | | 10.7
Spellcasting   | |  9.6
Invocations    | 1 2 |  2.7
Fighting       | 1 2 |  2.4
Short Blades   | 1 2 |  2.4
Long Blades    | 1 2 |  2.4
Axes           | 1 2 |  2.4
Maces & Flails | 1 2 |  2.4
Polearms       | 1 2 |  2.4
Staves         | 1 2 |  2.4
Ranged Weapons | 1 2 |  2.4
Throwing       | 1 2 |  2.4
Dodging        | 1 2 |  2.4
Stealth        | 1 2 |  2.4
Shields        | 1 2 |  2.4
Unarmed Combat | 1 2 |  2.4
Conjurations   | 1 2 |  2.0
Hexes          | 1 2 |  2.0
Summonings     | 1 2 |  2.0
Necromancy     | 1 2 |  2.0
Translocations | 1 2 |  2.0
Transmutations | 1 2 |  2.0
Fire Magic     | 1 2 |  2.0
Ice Magic      | 1 2 |  2.0
Air Magic      | 1 2 |  2.0
Earth Magic    | 1 2 |  2.0
Poison Magic   | 1 2 |  2.0
Evocations     | 3 |  3.6

Action                     |  1- 3 |  4- 6 |  7- 9 || total
---------------------------+-------+-------+-------++-------
  Melee: Club              |    96 |       |       ||    96
         Bite              |    10 |    19 |     2 ||    31
         Punch             |     2 |     3 |       ||     5
         Mace              |    19 |       |       ||    19
         Dagger            |    38 |   198 |    13 ||   249
  Evoke: Wand              |       |     1 |       ||     1
    Use: Potion            |     1 |     1 |       ||     2
         Scroll            |     1 |       |       ||     1
 Armour: Chain mail        |   131 |   164 |     8 ||   303
  Dodge: Dodged            |    71 |    97 |     4 ||   172

Table legend: (Time is in decaauts)
 A = Elapsed time spent in this place.
 B = Non-inter-level travel time spent in this place.
 C = Inter-level travel time spent in this place.
 D = Time resting spent in this place.
 E = Time spent auto-exploring this place.
 F = Levels seen in this place.
 G = Mean time per level.
                   A        B        C        D        E       F      G
               +--------+--------+--------+--------+--------+-----+--------+
         Total |   4149 |   4120 |     29 |    381 |   2493 |   5 |  829.8 |
       Dungeon |   4149 |   4120 |     29 |    381 |   2493 |   5 |  829.8 |
               +--------+--------+--------+--------+--------+-----+--------+

Top non-repeatable levels by time:
     D:2: 1218 daAuts
     D:1: 1108 daAuts
     D:3: 821 daAuts
     D:4: 654 daAuts
     D:5: 347 daAuts
